 Dungeon Crawl Stone Soup version 0.29-a0-284-gf9362112df (webtiles) character file.

Game seed: 6154191136164608986

165 horus123 the Conjurer (level 5, 0/32 HPs)
             Began as a Deep Elf Wanderer on Mar 15, 2022.
             Killed from afar by Sigmund (4 damage)
             ... with a magic dart
             ... on level 2 of the Dungeon.
             The game lasted 00:04:55 (2763 turns).

horus123 the Conjurer (Deep Elf Wanderer)           Turns: 2763, Time: 00:04:55

Health: 0/32       AC:  3    Str: 11    XL:     5   Next: 21%
Magic:  11/11      EV: 12    Int: 15    God:
Gold:   145        SH:  0    Dex: 16    Spells: 2/10 levels left

rFire   . . .      SeeInvis .   a - +2 hand crossbow
rCold   . . .      Faith    .   (no shield)
rNeg    . . .      Spirit   .   e - +0 robe
rPois   .          Reflect  .   (no helmet)
rElec   .          Harm     .   (no cloak)
rCorr   .          Rampage  .   c - +0 pair of gloves
Will    .....                   (no boots)
Stlth   +.........              (no amulet)
HPRegen 0.10/turn               (no ring)
MPRegen 0.12/turn               (no ring)

@: no status effects
A: no striking features
a: no special abilities


You were on level 2 of the Dungeon.
You visited 1 branch of the dungeon, and saw 2 of its levels.

You collected 145 gold pieces.

Inventory:

Hand Weapons
 a - a +2 hand crossbow (weapon)
 b - a +0 spear
Armour
 c - a +0 pair of gloves (worn)
 e - a +0 robe (worn)
Scrolls
 d - a scroll of fog
 f - 3 scrolls of teleportation
 i - a scroll of enchant armour {unknown}
 k - a scroll of acquirement {unknown}
 l - a scroll of identify {unknown}
Potions
 g - a potion of cancellation {unknown}
 h - 2 potions of curing {unknown}
 j - a potion of brilliance {unknown}


   Skills:
 - Level 3.0 Fighting
 - Level 2.1 Polearms
 - Level 2.6 Crossbows
 - Level 2.4 Dodging
 - Level 3.0 Spellcasting
 - Level 3.1 Conjurations
 + Level 0.2 Air Magic


You had 2 spell levels left.
You knew the following spells:

 Your Spells              Type           Power      Damage    Failure   Level
a - Mephitic Cloud        Conj/Pois/Air  5%         N/A       36%         3
b - Poisonous Vapours     Pois/Air       4%         N/A       28%         2
c - Ignite Poison         Fire/Tmut/Pois 2%         N/A       52%         3

Your spell library contained the following spells:

 Spells                   Type           Power      Damage    Failure   Level
 Corpse Rot               Necr/Air       4%         N/A       28%         2
 Freezing Cloud           Conj/Ice/Air   2%         6-21      98%         5


Dungeon Overview and Level Annotations

Branches:
Dungeon (2/15)

Altars:

Annotations:
D:2 Sigmund


Message History

You kill the ball python!
No target in view!
No target in view!
Sigmund the Dreaded comes into view.
He is wielding a +0 scythe and wearing a +1 robe of positive energy.
You shoot a bolt. The bolt hits Sigmund.
Sigmund shouts!
Sigmund is lightly wounded.
You shoot a bolt. The bolt closely misses Sigmund.
You shoot a bolt. The bolt barely misses Sigmund.
You shoot a bolt.
The bolt hits Sigmund but does no damage.
Sigmund is lightly wounded.
Sigmund hits you from afar with a +0 scythe.
You shoot a bolt. The bolt closely misses Sigmund.
You shoot a bolt. The bolt hits Sigmund.
Sigmund is moderately wounded.
Sigmund hits you from afar with a +0 scythe!
You shoot a bolt. The bolt closely misses Sigmund.
Sigmund casts a spell at you. The magic dart hits you.
Sigmund barely misses you.
You shoot a bolt. The bolt hits Sigmund.
Sigmund is heavily wounded.
You shoot a bolt. The bolt hits Sigmund.
Sigmund is heavily wounded.
Sigmund says, "Don't worry, I'll kill you fast."
Sigmund hits you from afar with a +0 scythe!
You are too injured to fight recklessly!
You are too injured to fight recklessly!
You are too injured to fight recklessly!
You are too injured to fight recklessly!
Shoot: a) +2 hand crossbow
Press: ? - help, Q - select action Shift-Dir - straight line, f/p - Sigmund
Aim: Sigmund, wielding a +0 scythe and wearing a +1 robe of positive energy (heavily wounded, 62% to hit)
You shoot a bolt. The bolt closely misses Sigmund.
Sigmund points at you and mumbles some strange words.
The puff of flame hits you!
* * * LOW HITPOINT WARNING * * *
Sigmund points at you and mumbles some strange words.
The magic dart hits you.
You die...

########## #......
..........# #......
..........# #......
..........# #......
..........### #......
............# #......
.....@....#.###
#######
..........#...####
.$.....@..###....##
######.####.......#
... #.......### #!...
##.........####
#................†.†..
#......#....>.........
#....#................
......##..............
# ##.............


You could see Sigmund.

Vanquished Creatures
  Natasha (thrice) (D:2)
  Robin (D:1)
  An adder (D:2)
  3 worms (D:2)
  A dart slug (D:2)
  5 bats (D:1)
  An endoplasm (D:1)
  3 giant cockroaches
  13 goblins
  8 hobgoblins
  6 kobolds
  3 quokkas
  4 ball pythons
  4 frilled lizards
  A rat (D:1)
57 creatures vanquished.

Vanquished Creatures (others)
  3 demonic plants (D:1)
  2 fungi (D:1)
  2 withered plants (D:1)
7 creatures vanquished.

Grand Total: 64 creatures vanquished

Notes
Turn   | Place    | Note
-------+----------+-------------------------------------------
     0 | D:1      | horus123 the Deep Elf Wanderer began the quest for the Orb.
     0 | D:1      | horus123 set off with the following items: a +2 hand
                  | crossbow, a +0 spear, a +0 pair of gloves, a scroll of fog,
                  | a +0 robe
     0 | D:1      | Reached XP level 1. HP: 12/12 MP: 3/3
   116 | D:1      | Found a faded altar of an unknown god.
   150 | D:1      | Reached XP level 2. HP: 16/17 MP: 4/4
   568 | D:1      | Reached XP level 3. HP: 22/22 MP: 5/5
   874 | D:2      | Reached skill level 1 in Spellcasting
  1055 | D:2      | Learned a level 3 spell: Mephitic Cloud
  1061 | D:2      | Identified the +0 helmet "Ozedoshre" {Harm Str-4 Int+5
                  | Slay-4}
  1061 | D:2      | Noticed Robin
  1963 | D:1      | Killed Robin
  1964 | D:1      | Reached XP level 4. HP: 5/28 MP: 8/10
  2284 | D:2      | Learned a level 2 spell: Poisonous Vapours
  2288 | D:2      | Learned a level 3 spell: Ignite Poison
  2347 | D:2      | Noticed Natasha
  2354 | D:2      | Killed Natasha
  2355 | D:2      | Reached skill level 1 in Conjurations
  2597 | D:2      | Noticed Natasha
  2602 | D:2      | Killed Natasha
  2683 | D:2      | Noticed Natasha
  2689 | D:2      | Killed Natasha
  2690 | D:2      | Reached XP level 5. HP: 28/32 MP: 11/11
  2753 | D:2      | Noticed Sigmund
  2763 | D:2      | Killed from afar by Sigmund

Illustrated notes

Levels and vault maps discovered:
D:1:      psy_arrival_spokes, layout_loops_ring, shapermc_ecumenical_altar_gd
D:2:      layout_rooms, uniq_crazy_yiuf_cottage, uniq_robin, uniq_sigmund,
          uniq_natasha

Skill      XL: |  1  2  3  4 |
---------------+-------------+-----
Fighting       | 2 3 |  3.0
Spellcasting   | 2 3 |  3.0
Conjurations   | 3 |  3.1
Polearms       | |  2.1
Crossbows      | |  2.6
Dodging        | |  2.4
Air Magic      | |  0.2

Action                   |  1- 3 |  4- 6 || total
-------------------------+-------+-------++-------
 Fire: Hand crossbow     |   132 |    51 ||   183
  Use: Scroll            |     1 |       ||     1
Armor: Robe              |    28 |     2 ||    30
Dodge: Dodged            |    65 |     7 ||    72

Table legend: (Time is in decaauts)
 A = Elapsed time spent in this place.
 B = Non-inter-level travel time spent in this place.
 C = Inter-level travel time spent in this place.
 D = Time resting spent in this place.
 E = Time spent auto-exploring this place.
 F = Levels seen in this place.
 G = Mean time per level.
                   A        B        C        D        E       F      G
               +--------+--------+--------+--------+--------+-----+--------+
         Total |   2834 |   2812 |     22 |   1307 |   1098 |   2 | 1417.0 |
       Dungeon |   2834 |   2812 |     22 |   1307 |   1098 |   2 | 1417.0 |
               +--------+--------+--------+--------+--------+-----+--------+

Top non-repeatable levels by time:
     D:1: 1986 daAuts
     D:2: 847 daAuts
